 Dungeon Crawl Stone Soup version 0.28.0-49-g6dfe1f597d (webtiles) character file.

Game seed: 8530510914008712782

27 nickcage the Stinger (level 2, -1/13 HPs)
             Began as a Spriggan Venom Mage on May 18, 2022.
             Slain by Sigmund
             ... wielding a +2 vampiric scythe
              (7 damage)
             ... on level 2 of the Dungeon.
             The game lasted 00:03:57 (1579 turns).

nickcage the Stinger (Spriggan Venom Mage)          Turns: 1579, Time: 00:03:57

Health: -1/13      AC:  2    Str:  4    XL:     2   Next: 93%
Magic:  4/7        EV: 17    Int: 16    God:
Gold:   0          SH:  0    Dex: 15    Spells: 4/7 levels left

rFire   . . .      SeeInvis +   b - +0 dagger
rCold   . . .      Faith    .   (no shield)
rNeg    . . .      Spirit   .   a - +0 robe
rPois   .          Reflect  .   (helmet restricted)
rElec   .          Harm     .   d - scarf {+Inv}
rCorr   .          Rampage  .   (gloves unavailable)
Will    .....                   (boots unavailable)
Stlth   ++........              (no amulet)
HPRegen 0.04/turn               (no ring)
MPRegen 0.10/turn               (no ring)

@: very quick
A: very small, no large weapons, unfitting armour, see invisible, speed 3
a: Evoke Invisibility


You were on level 2 of the Dungeon.
You visited 1 branch of the dungeon, and saw 2 of its levels.

Inventory:

Hand Weapons
 b - a +0 dagger (weapon)
Armour
 a - a +0 robe (worn)
 d - a scarf of invisibility (worn)
Scrolls
 c - a scroll of identify
Potions
 e - a potion of magic
 f - a potion of invisibility {unknown}


   Skills:
 - Level 2.6 Dodging
 - Level 3.0 Stealth
 - Level 3.0 Spellcasting
 - Level 2.0 Transmutations
 - Level 3.7 Poison Magic


You had 4 spell levels left.
You knew the following spells:

 Your Spells              Type           Power      Damage    Failure   Level
a - Sting                 Tmut/Pois      44%        1d5       5%          1
b - Poisonous Vapours     Pois/Air       16%        N/A       13%         2

Your spell library contained the following spells:

 Spells                   Type           Power      Damage    Failure   Level
 Mephitic Cloud           Conj/Pois/Air  6%         N/A       32%         3
 Olgreb's Toxic Radiance  Pois           14%        N/A       36%         4


Dungeon Overview and Level Annotations

Branches:
Dungeon (2/15)

Altars:
Trog

Annotations:
D:2 Sigmund


Innate Abilities, Weirdness & Mutations

You are very small and have problems with some larger weapons.
You are too small for most types of armour.
You have supernaturally acute eyesight. (SInv)
You cover ground extremely quickly. (Speed+++)


Message History

Sigmund the Dreaded comes into view.
He is wielding a +2 vampiric scythe and carrying a wand of digging (5).
An endoplasm comes into view.
The endoplasm hits you.
You hit the endoplasm but do no damage.
Sigmund gestures wildly while chanting.
Sigmund flickers and vanishes for a moment.
The endoplasm freezes you.
You are frozen.
The sting hits the endoplasm.
The endoplasm is poisoned.
The endoplasm is lightly wounded.
The endoplasm freezes you.
You are frozen.
You hear a zap.
Some rock shatters into small pieces.
You are too injured to fight recklessly!
Aiming: Sting (safe; 5% risk of failure)
Press: ? - help, Q - select action, (/) - cycle Shift-Dir - straight line, f/p - endoplasm
Aim: an endoplasm (heavily wounded, poisoned, 98% to hit)
The sting hits the endoplasm.
The endoplasm looks even sicker.
The endoplasm is heavily wounded.
You kill the endoplasm!
Sigmund says, "Your kind have come here before.
I understand now why.
You desire death..."
You hear a zap.
You hear a grinding noise.
You start resting.
You hear a zap.
Some rock shatters into small pieces.
Aiming: Sting (safe; 5% risk of failure)
Press: ? - help, Q - select action, (/) - cycle Shift-Dir - straight line, f - Sigmund
Aim: Sigmund, wielding a +2 vampiric scythe, wearing a +0 robe and carrying a wand of digging (2) (slightly transparent, 68% to hit)
The sting hits Sigmund.
Sigmund is poisoned.
Sigmund is lightly wounded.
You are too injured to fight recklessly!
You are too injured to fight recklessly!
Aiming: Sting (safe; 5% risk of failure)
Press: ? - help, Q - select action, (/) - cycle Shift-Dir - straight line, f/p - Sigmund
Aim: Sigmund, wielding a +2 vampiric scythe, wearing a +0 robe and carrying a wand of digging (2) (lightly wounded, slightly transparent, poisoned, 68% to hit)
The sting misses Sigmund.
Sigmund hits you from afar with a +2 vampiric scythe!
Ouch! That really hurt!
You die...

#......^.# .......#
#..)...#.# #.....#
####.###.####.....#
#.#.....##.....##
#.#.#.#<##......######
#.#.#.####..##........
#.#.#....@.....#######
#.#.#.#........#
#.#.#.#@#......#
#.#.....#......#
#.#.#.#.#......#
#.#...#.#......#
#.).#.#.########
##.##.#)#
############.#.#
#......<...#.#†#
#.#######......#


You could see Sigmund (invisible, poisoned).

Vanquished Creatures
  A worm (D:2)
  A dart slug (D:1)
  2 ball pythons (D:1)
  5 endoplasms
  A giant cockroach (D:1)
  5 goblins
  A hobgoblin (D:1)
  A bat (D:2)
  3 kobolds
20 creatures vanquished.

Notes
Turn   | Place    | Note
-------+----------+-------------------------------------------
     0 | D:1      | nickcage the Spriggan Venom Mage began the quest for the
                  | Orb.
     0 | D:1      | Reached XP level 1. HP: 9/9 MP: 5/5
   441 | D:1      | Reached XP level 2. HP: 13/13 MP: 7/7
   446 | D:1      | Learned a level 2 spell: Poisonous Vapours
  1329 | D:2      | Found a faded altar of an unknown god.
  1449 | D:2      | Prayed at the altar of an unknown god.
  1449 | D:2      | Became a worshipper of Trog the Wrathful
  1449 | D:2      | Reached * piety under Trog
  1450 | D:2      | Fell from the grace of Trog
  1554 | D:2      | Noticed Sigmund
  1579 | D:2      | Slain by Sigmund

Illustrated notes

Levels and vault maps discovered:
D:1:      zaba_arrival_water, layout_rooms, chequers_big_river,
          chequers_serial_rivers_small_b
D:2:      layout_basic, shapermc_ecumenical_altar_starsandcircs, uniq_terence,
          uniq_sigmund

Skill      XL: |  1  2 |
---------------+-------+-----
Spellcasting   | 3 |  3.0
Transmutations | 2 |  2.0
Dodging        | |  2.6
Stealth        | |  3.0
Poison Magic   | |  3.7

Action                   || total
-------------------------++-------
Melee: Dagger            ||    12
       Punch             ||     1
 Cast: Sting             ||    34
Invok: Renounce Religion ||     1
  Use: Scroll            ||     2
 Stab: Sleeping          ||     2
Dodge: Dodged            ||    15
